 Dungeon Crawl Stone Soup version 0.23.2-1-ga50397a (webtiles) character file.

Game seed: 18350597213145745729

16 myga the Slasher (level 2, -1/16 HPs)
             Began as a Vine Stalker Berserker on Apr 15, 2019.
             Was a Follower of Trog.
             Slain by Sigmund
             ... wielding a cursed +0 scythe
              (8 damage)
             ... on level 2 of the Dungeon.
             The game lasted 00:03:22 (708 turns).

myga the Slasher (Vine Stalker Berserker)            Turns: 708, Time: 00:03:23

Health: -1/16      AC:  8    Str: 19    XL:     2   Next: 58%
Magic:  0/3        EV:  8    Int:  7    God:    Trog [*.....]
Gold:   58         SH:  0    Dex: 13    Spells: 1/1 levels left

rFire    . . .     SeeInvis .   a - +0 falchion
rCold    . . .     Gourm    .   (no shield)
rNeg     + . .     Faith    .   i - +0 chain mail
rPois    .         Spirit   +   (no helmet)
rElec    .         Reflect  .   (no cloak)
rCorr    .         Harm     .   (no gloves)
MR       .....                  (no boots)
Stlth    ..........             (no amulet)
HPRegen  0.05/turn              k - ring of positive energy
MPRegen  0.08/turn              (no ring)

@: confused, very slightly contaminated, invisible
A: fangs 2, magic shield, antimagic bite, no potion heal 3, rot immunity
a: Berserk, Renounce Religion


You were on level 2 of the Dungeon.
You worshipped Trog.
Trog was aware of your devotion.
You were not hungry.

You visited 1 branch of the dungeon, and saw 2 of its levels.

You collected 58 gold pieces.

Inventory:

Hand Weapons
 a - a +0 falchion (weapon)
Missiles
 j - 41 stones (quivered)
Armour
 i - a +0 chain mail (worn)
Jewellery
 k - a ring of positive energy (left hand)
Scrolls
 f - a scroll of remove curse {unknown}
 g - a scroll of magic mapping {unknown}
 h - a scroll of teleportation {unknown}
 m - a scroll of noise {unknown}
Potions
 l - a potion of lignification {unknown}
Comestibles
 c - 2 rations
 n - 4 chunks of flesh


   Skills:
 + Level 2.7 Fighting
 + Level 3.1 Long Blades
 + Level 2.0 Armour
 + Level 1.5 Dodging


You had one spell level left.
You didn't know any spells.
Your spell library was empty.

Dungeon Overview and Level Annotations

Branches:
Dungeon (2/15)

Altars:

Annotations:
D:2 Sigmund


Innate Abilities, Weirdness & Mutations

You have extremely sharp teeth.
When hurt, damage is shared between your health and your magic reserves.
Your bite disrupts and absorbs the magic of your enemies.
Potions cannot restore your health.
You are immune to rotting.


Message History

Sigmund flickers and vanishes!
Deactivating autopickup; reactivate with Ctrl-A.
You fade into invisibility!
You are very lightly contaminated with residual magic.
Something hits you.
You hear some strange, mumbled words.
You are confused.
You bump into the rock wall.
Something hits you. Something hits you but does no damage.
You hear some strange, mumbled words.
You barely miss something.
You feel less confused.
You hear some strange, mumbled words.
A magic dart appears from out of thin air!
The magic dart hits you.
You hear some strange, mumbled words.
You are confused.
You bump into the rock wall.
Something hits you!
Ouch! That really hurt!
You die...

##### ### ....# ..# ....#
####.# ....+ . #..#.######
....# .. #..#.#.. .# ....#
....# #..#.#.# .#
....##....# ## #@.#.#.# .#
..........#..# #.##[#.##.#
....#.....#... #{........#
....#........###.######..#
###.#....................#
.##.#.........##....####.#
..............####.## .#
......).......# #.#####.#
..............####........


There were no monsters in sight!

Vanquished Creatures
  2 dart slugs
  A giant cockroach (D:1)
  3 goblins
  A hobgoblin (D:2)
  2 bats
  3 frilled lizards
  A kobold (D:2)
  A rat (D:1)
14 creatures vanquished.

Notes
Turn   | Place    | Note
-------+----------+-------------------------------------------
     0 | D:1      | myga the Vine Stalker Berserker began the quest for the
                  | Orb.
     0 | D:1      | Reached XP level 1. HP: 11/11 MP: 2/2
   324 | D:1      | Reached XP level 2. HP: 16/16 MP: 3/3
   522 | D:1      | Reached skill level 3 in Long Blades
   693 | D:2      | Noticed Sigmund
   708 | D:2      | Slain by Sigmund

Skill      XL: |  1  2 |
---------------+-------+-----
Long Blades    | 3 |  3.1
Armour         | 2 |  2.0
Fighting       | |  2.7
Dodging        | |  1.5

Action                   || total
-------------------------++-------
Melee: Falchion          ||    35
       Bite              ||    11
Throw: Stone             ||     1
  Use: Potion            ||     2
 Stab: Invisible         ||     1
Armor: Chain mail        ||    10
       Animal skin       ||     3
Dodge: Dodged            ||    18
       Rpst.: Falchion   ||     3
